 Dungeon Crawl Stone Soup version 0.19.0-11-g3fc08b3 (webtiles) character file.

163 ufetubus the Conjurer (level 5, 0/38 HPs)
             Began as a Draconian Conjurer on Nov 10, 2016.
             Slain by an adder (3 damage)
             ... on level 4 of the Dungeon.
             The game lasted 00:12:21 (3200 turns).

ufetubus the Conjurer (Draconian Conjurer)          Turns: 3200, Time: 00:12:21

Health: 0/38       AC:  5    Str: 10    XL:     5   Next: 20%
Magic:  0/8        EV: 12    Int: 16    God:
Gold:   120        SH:  0    Dex: 12    Spells: 2 memorised, 5 levels left

rFire  . . .     SeeInvis .     n - -2 dagger (curse)
rCold  . . .     Gourm    .     (armour unavailable)
rNeg   . . .     Faith    .     (no shield)
rPois  .         Spirit   .     (helmet restricted)
rElec  .         Reflect  .     (no cloak)
rCorr  .         Harm     .     (no gloves)
MR     .....                    (no boots)
Stlth  ++........               (no amulet)
                                (no ring)
                                (no ring)

@: lethally poisoned (0 -> -6)
A: unfitting armour, cold-blooded, AC +5
a: no special abilities


You were on level 4 of the Dungeon.
You were very hungry.

You visited 1 branch of the dungeon, and saw 4 of its levels.

You collected 120 gold pieces.

Inventory:

Hand Weapons
 c - a +0 dagger
 d - a +2 vampiric dagger
 e - a +2 dagger of venom
 f - a +0 short sword
 n - a cursed -2 dagger (weapon)
Missiles
 k - 129 stones (quivered)
Jewellery
 l - a +3 ring of intelligence {unknown}
Scrolls
 j - 2 scrolls of identify
 q - a scroll of recharging
Potions
 h - a potion of cure mutation {unknown}
 i - a potion of curing
 m - a potion of lignification {unknown}
 p - a potion of agility {unknown}
Books
 a - a book of Conjurations

   Spells                             Type                      Level
   a - Magic Dart                     Conjuration                  1
   b - Searing Ray                    Conjuration                  2
   c - Dazzling Spray                 Conjuration/Hexes            3
   d - Fulminant Prism                Conjuration/Hexes            4
   e - Iskenderun's Mystic Blast      Conjuration                  4
   f - Iskenderun's Battlesphere      Conjuration/Charms           5
Comestibles
 b - 3 bread rations
 g - a meat ration
 o - 2 beef jerkies


   Skills:
 - Level 1.7 Dodging
 - Level 1.7 Stealth
 - Level 2.0 Spellcasting
 + Level 6.5 Conjurations


You had 5 spell levels left.
You knew the following spells:

 Your Spells              Type           Power        Failure   Level  Hunger
a - Magic Dart            Conj           ###.         1%          1    #......
b - Searing Ray           Conj           ###...       1%          2    ###....


Dungeon Overview and Level Annotations

Branches:
Dungeon (4/15)
 Temple: D:4-7

Altars:
Dithmenos


Innate Abilities, Weirdness & Mutations

Your plain brown scales are hard. (AC +5)
You cannot fit into any form of body armour.
You are cold-blooded and may be slowed by cold attacks.


Message History

Aim: a worker ant (severely wounded)
The magic dart hits the worker ant.
The worker ant is almost dead.
The adder closely misses you. The worker ant bites you.
* * * LOW HITPOINT WARNING * * *
The adder bites you but does no damage. The worker ant misses you.
Casting: Magic Dart
Confirm with . or Enter, or press ? or * to list all spells.
Okay, then.
You hit the worker ant but do no damage.
Your tail-slap misses the worker ant.
The worker ant is almost dead.
The adder bites you but does no damage. The worker ant bites you.
* * * LOW HITPOINT WARNING * * *
You are lethally poisoned!
The worker ant poisons you!
You barely miss the adder.
Your tail-slap misses the adder.
* * * LOW HITPOINT WARNING * * *
You feel sick. The adder bites you.
You die...

.# .#
########.####.
##.....#.......
##..............
#...............
#...............
#....S..........
#...@a.....(....
#...............
#...............
##.>...........#
##.....#.....##
########.#>##
...# ..


You could see a worker ant and an adder.

Vanquished Creatures
  A hound skeleton (D:3)
  6 adders
  3 worms
  2 dart slugs
  5 leopard geckos
  4 orcs (D:3)
  2 ball pythons (D:1)
  10 bats
  2 giant cockroaches
  6 hobgoblins
  8 jackals (D:2)
  A quokka (D:3)
  2 frilled lizards
  4 goblins
  10 kobolds
  8 rats
74 creatures vanquished.

Notes
Turn   | Place    | Note
-------+----------+-------------------------------------------
     0 | D:1      | ufetubus the Draconian Conjurer began the quest for the Orb.
     0 | D:1      | Reached XP level 1. HP: 14/14 MP: 3/3
   214 | D:1      | Reached XP level 2. HP: 20/20 MP: 0/5
   924 | D:2      | Reached skill level 5 in Conjurations
   964 | D:2      | Reached XP level 3. HP: 26/26 MP: 0/6
  1794 | D:2      | Reached XP level 4. HP: 33/33 MP: 0/7
  2062 | D:2      | Reached skill level 6 in Conjurations
  2380 | D:3      | Learned a level 2 spell: Searing Ray
  2782 | D:3      | Reached XP level 5. HP: 38/38 MP: 0/8
  3021 | D:3      | Found a shadowy altar of Dithmenos.
  3101 | D:4      | Noticed a phantom
  3200 | D:4      | Slain by an adder

Skill      XL: |  1  2  3  4 |
---------------+-------------+-----
Conjurations   | 5 6 |  6.5
Dodging        | |  1.7
Stealth        | |  1.7
Spellcasting   | |  2.0

Action                   |  1- 3 |  4- 6 || total
-------------------------+-------+-------++-------
Melee: Dagger            |    64 |    45 ||   109
       Tailslap          |     9 |     6 ||    15
Throw: Stone             |     2 |    27 ||    29
 Cast: Magic Dart        |    78 |    71 ||   149
       Searing Ray       |       |     7 ||     7
  Use: Scroll            |     2 |     1 ||     3
       Potion            |       |     2 ||     2
 Stab: Sleeping          |     1 |       ||     1
  Eat: Chunk             |     4 |     5 ||     9
Armor: Skin              |    64 |    29 ||    93
Dodge: Dodged            |    72 |    58 ||   130
